 Dungeon Crawl Stone Soup version 0.20.1-1-g8b1a95d (webtiles) character file.

462 ChromeMolly the Sneak (level 7, -2/47 HPs)
             Began as an Octopode Fighter on Aug 25, 2017.
             Was a Follower of Vehumet.
             Splashed by a jelly's acid (5 damage)
             ... on level 5 of the Dungeon.
             The game lasted 00:20:16 (3334 turns).

ChromeMolly the Sneak (Octopode Fighter)            Turns: 3334, Time: 00:20:17

Health: -2/47      AC: -3    Str: 15    XL:     7   Next: 7%
Magic:  16/16      EV: 12    Int: 11    God:    Vehumet [*.....]
Gold:   201        SH: 10    Dex: 13    Spells: 5/6 levels left

rFire    . . .     SeeInvis .   a - +0 long sword
rCold    . . .     Gourm    .   b - +1 shield
rNeg     . . .     Faith    .   (helmet restricted)
rPois    .         Spirit   .   (no amulet)
rElec    .         Reflect  .   m - ring of magical power
rCorr    .         Harm     .   q - ring of wizardry
MR       .....                  (no ring)
Stlth    ++++......             (no ring)
Regen    0.2/turn               (no ring)
MPRegen  0.2/turn               (no ring)
                                (no ring)
                                (no ring)

@: corroded
A: almost no armour, stealthy swim, amphibious, 8 rings, constrict 8, camouflage
1, gelatinous body 1
a: Renounce Religion


You were on level 5 of the Dungeon.
You worshipped Vehumet.
Vehumet was aware of your devotion.
You were very full.

You visited 1 branch of the dungeon, and saw 5 of its levels.

You collected 201 gold pieces.

Inventory:

Hand Weapons
 a - a +0 long sword (weapon)
 j - a +1 dagger of draining
Missiles
 e - 132 stones
 p - 6 tomahawks (quivered)
Armour
 b - a +1 shield (worn)
Jewellery
 m - a ring of magical power (left tentacle)
 q - a ring of wizardry (right tentacle)
Wands
 r - a wand of iceblast (5/15)
Scrolls
 h - a scroll of amnesia
 o - 3 scrolls of teleportation
 t - a scroll of magic mapping
Potions
 c - a potion of might
 f - a potion of magic {unknown}
 k - a potion of brilliance
 l - a potion of flight
 w - a potion of haste
Comestibles
 d - 2 bread rations
 g - 3 royal jellies
 n - 13 fruits
 s - a meat ration


   Skills:
 + Level 3.8 Fighting
 + Level 1.2(2.2) Short Blades
 + Level 2.9(3.0) Long Blades
 + Level 1.3 Throwing
 + Level 3.6 Dodging
 * Level 6.4 Stealth
 + Level 4.1 Shields


You had 5 spell levels left.
You knew the following spells:

 Your Spells              Type           Power        Failure   Level  Hunger
a - Sting                 Conj/Pois      #...         47%         1    ##.....


Dungeon Overview and Level Annotations

Branches:
Dungeon (5/15)
 Temple: D:4-7

Altars:
Cheibriados
Gozag
Kikubaaqudgha
Ru
Vehumet


Innate Abilities, Weirdness & Mutations

You cannot wear most types of armour.
You are very stealthy in the water. (Stealth+)
You are amphibious.
You can wear up to eight rings at the same time.
You can use your tentacles to constrict eight enemies at once.
Your skin changes colour to match your surroundings (Stealth+).
Your rubbery body absorbs attacks. (AC +1, EV +1)


Message History

Found 7 gold pieces.
You closely miss the leopard gecko. You grab the leopard gecko.
You constrict the leopard gecko. The leopard gecko misses you.
You block the leopard gecko's attack.
You hit the leopard gecko but do no damage.
You squeeze the leopard gecko.
You kill the leopard gecko!
Vehumet accepts your kill.
You are no longer corroded.
You hit the jelly.
Your tentacles burn!
* * * LOW HITPOINT WARNING * * *
You squeeze the jelly.
The jelly is severely wounded.
The jelly jiggles.
You block the jelly's attack. The jelly hits you.
* * * LOW HITPOINT WARNING * * *
You are splashed with acid!
The acid burns!
* * * LOW HITPOINT WARNING * * *
You hit the jelly. The acid corrodes you!
Your tentacles burn!
You die...

#......§_......### .
#.#..##.......#...
#.#$#..##.8...8.####
#.#....###.....##
##........###.###
............#.#
#.........†.#
#.........###
#...@J5...#
###########


You could see a jelly and a crimson imp.

Vanquished Creatures
  A scorpion (D:5)
  3 howler monkeys (D:4)
  2 hounds (D:4)
  An orc priest (D:4)
  A bullfrog skeleton (D:4)
  Jessica (D:2)
  An orc wizard (D:4)
  A worker ant (D:4)
  4 adders
  A dart slug (D:4)
  A worm (D:1)
  2 leopard geckos
  8 orcs
  5 bats
  2 giant cockroaches
  4 goblins
  5 hobgoblins
  8 jackals
  A quokka (D:3)
  A ball python (D:1)
  6 frilled lizards
  4 kobolds
  4 rats
67 creatures vanquished.

Notes
Turn   | Place    | Note
-------+----------+-------------------------------------------
     0 | D:1      | ChromeMolly the Octopode Fighter began the quest for the Orb.
     0 | D:1      | Reached XP level 1. HP: 16/16 MP: 1/1
   172 | D:1      | Reached skill level 1 in Stealth
   172 | D:1      | Reached XP level 2. HP: 18/21 MP: 2/2
   571 | D:2      | Noticed Jessica
   578 | D:2      | Killed Jessica
   578 | D:2      | Reached XP level 3. HP: 26/26 MP: 3/3
   694 | D:2      | Reached skill level 2 in Stealth
   844 | D:2      | Found an ancient bone altar of Kikubaaqudgha.
   929 | D:2      | Found a sacrificial altar of Ru.
  1107 | D:3      | Reached XP level 4. HP: 31/31 MP: 4/4
  1593 | D:3      | Found a snail-covered altar of Cheibriados.
  1746 | D:3      | Found a radiant altar of Vehumet.
  1759 | D:3      | Became a worshipper of Vehumet
  2060 | D:4      | Reached skill level 3 in Stealth
  2065 | D:4      | Reached skill level 4 in Stealth
  2065 | D:4      | Reached XP level 5. HP: 35/36 MP: 5/5
  2067 | D:4      | Reached skill level 5 in Stealth
  2125 | D:4      | Reached XP level 6. HP: 15/42 MP: 6/6
  2473 | D:4      | Reached skill level 1 in Short Blades
  2473 | D:4      | Reached skill level 6 in Stealth
  2610 | D:4      | Reached * piety under Vehumet
  2610 | D:4      | Offered knowledge of Sting by Vehumet.
  2613 | D:4      | Learned a level 1 spell: Sting
  2626 | D:4      | Reached skill level 1 in Throwing
  3227 | D:5      | Entered Level 5 of the Dungeon
  3247 | D:5      | Reached XP level 7. HP: 35/47 MP: 7/7
  3290 | D:5      | HP: 2/47 [acid (9)]
  3310 | D:5      | Found an opulent altar of Gozag.
  3334 | D:5      | Splashed by a jelly's acid

Skill      XL: |  1  2  3  4  5  6 |
---------------+-------------------+-----
Stealth        | 1 2 4 5 6 |  6.4
Short Blades   | 1 |  1.2
Throwing       | 1 |  1.3
Shields        | 4 |  4.1
Fighting       | |  3.8
Long Blades    | |  2.9
Dodging        | |  3.6

Action                   |  1- 3 |  4- 6 |  7- 9 || total
-------------------------+-------+-------+-------++-------
Melee: Long sword        |    27 |    72 |     7 ||   106
       Constrict         |    14 |    28 |     1 ||    43
       Dagger            |    19 |    20 |       ||    39
       Tentacles         |     7 |    15 |     3 ||    25
Throw: Stone             |     6 |       |       ||     6
       Tomahawk          |     2 |    15 |       ||    17
  Use: Scroll            |     6 |     9 |     1 ||    16
       Potion            |       |       |     1 ||     1
 Stab: Sleeping          |     7 |     8 |       ||    15
  Eat: Bread ration      |     1 |       |       ||     1
       Royal jelly       |     1 |       |       ||     1
       Fruit             |       |     9 |       ||     9
Armor: Skin              |     2 |     3 |       ||     5
Dodge: Dodged            |    10 |    34 |     2 ||    46
Block: Shield            |    20 |    38 |     3 ||    61
       Rpst.: Long sword |     2 |     7 |       ||     9
